Map: [ESL] Data-C

Players

Zoun - Winner!

  • Race: Protoss Protoss
  • Spawn Location: 3:00

LiquidElazer (Elazer)

  • Race: Zerg Zerg
  • Spawn Location: 9:00

Event: TSL 9

VOD

Have the link to the VOD?

Description

Time

  • Played on: Aug. 6, 2022, 10:47 a.m.
  • Length: 17:55

All games in this series

Show
View Real Time Build Order
Export as new Build Order

Zoun Protoss - Winner!

Build Orders: 1 Gate Expand, Oracle Opening, Zealot Archon 

Get SALT Encoding   

  12  0:00  Probe  
  13  0:12  Probe  
  14  0:19  Pylon  
  14  0:24  Probe  
  15  0:37  Probe (Chrono Boost)  
  15  0:40  Gateway  
  16  0:47  Probe (Chrono Boost)  
  16  0:49  Assimilator  
  17  0:52  Probe (Chrono Boost)  
  18  1:04  Probe  
  19  1:16  Probe  
  20  1:28  Nexus  
  20  1:39  Cybernetics Core  
  20  1:41  Probe  
  21  1:48  Assimilator  
  21  1:53  Probe  
  22  1:57  Pylon  
  22  2:05  Probe  
  23  2:12  Adept (Chrono Boost)  
  25  2:17  Probe  
  25  2:21  Stargate  
  26  2:28  Warp Gate  
  27  2:30  Probe (Chrono Boost)  
  27  2:35  Adept  
  29  2:40  Probe (Chrono Boost)  
  29  2:42  Probe (Chrono Boost)  
  31  2:50  Probe x2 (Chrono Boost)  
  33  2:55  Probe  
  33  2:56  Probe  
  35  3:03  Oracle (Chrono Boost)  
  38  3:07  Probe  
  38  3:10  Probe  
  40  3:18  Gateway  
  40  3:21  Probe  
  40  3:23  Pylon  
  42  3:27  Probe  
  42  3:31  Oracle (Chrono Boost)  
  45  3:35  Probe  
  46  3:41  Probe  
  46  3:47  Probe  
  48  3:54  Probe  
  49  3:57  Nexus  
  49  3:58  Pylon  
  49  3:59  Probe  
  50  4:03  Oracle  
  50  4:06  Probe  
  54  4:16  Probe, Assimilator  
  54  4:18  Zealot x2, Probe  
  54  4:20  Assimilator  
  59  4:25  Pylon  
  59  4:28  Probe  
  60  4:32  Twilight Council  
  60  4:36  Probe  
  61  4:40  Probe  
  61  4:44  Pylon  
  62  4:48  Probe  
  63  4:53  Probe  
  64  5:01  Gateway  
  64  5:03  Gateway x2  
  64  5:04  Gateway  
  64  5:07  Forge  
  64  5:09  Charge, Probe (Chrono Boost)  
  64  5:10  Probe (Chrono Boost)  
  64  5:14  Robotics Facility  
  66  5:16  Probe (Chrono Boost)  
  69  5:22  Probe x2 (Chrono Boost)  
  69  5:23  Shield Battery  
  69  5:27  Probe (Chrono Boost)  
  70  5:30  Probe x2 (Chrono Boost)  
  70  5:31  Sentry  
  70  5:32  Probe (Chrono Boost)  
  75  5:35  Probe  
  75  5:37  Probe  
  75  5:39  Protoss Ground Weapons Level 1 (Chrono Boost)  
  75  5:40  Templar Archives  
  77  5:43  Probe  
  77  5:47  Probe, Stalker  
  77  5:49  Probe  
  82  5:58  Probe  
  82  6:02  Probe x2  
  82  6:03  Observer  
  86  6:05  Robotics Bay  
  86  6:07  Assimilator  
  86  6:08  Assimilator  
  86  6:09  Pylon  
  86  6:10  Probe  
  87  6:22  High Templar x2  
  87  6:24  Probe x2  
  93  6:26  Nexus  
  93  6:27  Archon, Probe, Pylon  
  93  6:30  Pylon x2  
  94  6:36  Probe x2, Gateway  
  94  6:37  Gateway  
  94  6:39  Probe  
  97  6:48  Probe x2  
  97  6:49  Zealot x4, Photon Cannon  
  97  6:51  Probe  
  97  6:52  Shield Battery  
  108  6:56  High Templar x2  
  108  7:00  Probe  
  108  7:01  Probe  
  112  7:02  Warp Prism (Chrono Boost)  
  112  7:06  Archon  
  114  7:09  Pylon  
  114  7:15  Pylon  
  114  7:19  Photon Cannon  
  114  7:20  Photon Cannon  
  114  7:22  High Templar  
  116  7:26  Pylon x2  
  116  7:28  High Templar  
  116  7:29  Zealot, High Templar x2  
  124  7:31  Observer  
  124  7:33  Archon  
  124  7:34  Archon  
  124  7:38  Disruptor (Chrono Boost), Assimilator  
  124  7:39  Probe x3  
  124  7:40  Zealot, Observer  
  124  7:41  Zealot x2  
  124  7:42  Assimilator  
  136  7:46  Protoss Ground Weapons Level 2 (Chrono Boost)  
  136  7:47  Probe  
  136  7:51  Probe x3  
  139  7:58  Robotics Facility  
  140  8:00  Pylon  
  140  8:01  Gateway  
  140  8:02  Gateway  
  139  8:07  Shield Battery, Observer (Chrono Boost)  
  140  8:16  High Templar x2  
  144  8:21  Photon Cannon  
  144  8:22  Archon  
  144  8:23  Colossus (Chrono Boost), Photon Cannon  
  144  8:24  Pylon  
  150  8:36  Zealot x4  
  143  8:44  Probe x2  
  143  8:47  Zealot x2  
  129  8:51  Disruptor (Chrono Boost)  
  129  8:52  Zealot x2  
  131  8:56  Zealot  
  131  9:00  Zealot x3  
  131  9:09  Probe x3  
  131  9:10  Probe  
  131  9:11  Disruptor (Chrono Boost), Observer  
  134  9:17  High Templar x2  
  134  9:19  Disruptor (Chrono Boost), Assimilator  
  134  9:21  Probe x2  
  134  9:23  Probe x2  
  145  9:25  Archon  
  145  9:33  Probe  
  145  9:34  Probe  
  145  9:35  Probe x2  
  148  9:38  Zealot x4  
  148  9:40  Disruptor  
  159  9:45  Probe  
  159  9:46  Probe  
  159  9:49  Zealot x2  
  159  9:50  Zealot x2  
  159  9:52  Disruptor  
  162  10:00  Zealot x3  
  162  10:03  Probe  
  144  10:08  Zealot  
  132  10:16  Zealot x2  
  136  10:38  High Templar x4  
  136  10:39  Zealot x2  
  136  10:40  Zealot x3  
  136  10:42  Archon x2  
  154  10:44  Zealot  
  151  11:10  Zealot x6  
  134  11:21  Disruptor x2  
  137  11:39  Probe x3  
  137  11:40  Protoss Ground Weapons Level 3 (Chrono Boost)  
  137  11:49  Nexus, High Templar x4  
  145  11:55  Archon x2  
  145  11:57  Disruptor  
  144  12:13  Disruptor (Chrono Boost)  
  130  12:17  Zealot x6  
  115  12:25  Zealot x3  
  115  12:28  Zealot  
  99  12:30  Disruptor (Chrono Boost)  
  99  12:32  Probe x2  
  99  12:33  Shield Battery  
  94  12:38  Zealot x4  
  94  12:42  Probe  
  94  12:43  Disruptor (Chrono Boost)  
  97  12:44  Zealot x2, Probe  
  97  12:45  Probe  
  97  12:46  Zealot x2  
  97  12:47  Zealot  
  107  12:54  Probe  
  107  12:57  Probe x2  
  110  12:59  High Templar x4, Pylon  
  110  13:05  Archon x2  
  118  13:09  Disruptor (Chrono Boost)  
  121  13:19  Observer (Chrono Boost)  
  122  13:25  Nexus  
  122  13:26  Pylon  
  119  13:32  Immortal (Chrono Boost)  
  123  13:36  Probe x3  
  123  13:38  High Templar x2  
  128  13:43  Archon  
  128  13:45  Zealot  
  128  13:47  Zealot x5  
  140  13:49  Stalker  
  142  13:56  Shield Battery  
  142  14:01  Stalker  
  140  14:12  High Templar x2  
  144  14:17  Archon  
  144  14:18  High Templar  
  144  14:19  High Templar  
  144  14:23  Archon  
  148  14:27  Observer  
  145  14:36  Zealot x2  
  149  14:39  Pylon x2  
  149  14:47  High Templar x2  
  149  14:51  Archon  
  153  14:56  Stalker x3  
  149  15:07  Zealot x5  
  159  15:16  Assimilator  
  159  15:18  Assimilator  
  159  15:33  Zealot x3  
  151  15:39  Nexus  
  151  15:41  Zealot  
  151  15:42  Zealot x3  
  148  15:47  Pylon  
  148  15:54  Zealot x4  
  146  16:03  Zealot  
  146  16:17  High Templar x4  
  154  16:21  Pylon  
  154  16:22  Archon x2  
  152  16:26  High Templar x2  
  152  16:31  Archon  
  156  16:35  Pylon x2  
  156  16:49  Zealot x5  
  156  16:50  Zealot  
  160  16:56  High Templar x2  
  141  17:12  Zealot x6  
  142  17:26  Zealot x2, Archon  
  135  17:36  Zealot x2, High Templar x4  
  133  17:40  Archon  
  127  17:41  Archon  
Show
View Real Time Build Order
Export as new Build Order

LiquidElazer Zerg 

Build Orders: Hatch First 

Get SALT Encoding   

  12  0:00  Drone  
  13  0:12  Overlord  
  13  0:17  Drone  
  14  0:30  Drone x2  
  16  0:48  Hatchery  
  15  0:51  Drone  
  15  0:54  Drone  
  17  0:58  Drone  
  18  1:09  Extractor  
  17  1:14  Spawning Pool  
  17  1:17  Drone  
  17  1:20  Drone  
  18  1:28  Drone  
  19  1:39  Drone  
  20  1:51  Overlord  
  20  2:00  Queen  
  20  2:01  Queen  
  24  2:02  Zergling x2, Drone  
  26  2:11  Drone x2  
  26  2:13  Metabolic Boost  
  28  2:22  Zergling x2  
  29  2:23  Drone  
  30  2:32  Drone  
  30  2:33  Drone  
  32  2:39  Queen  
  32  2:43  Overlord  
  34  2:44  Drone  
  35  2:53  Hatchery  
  35  2:58  Drone x2  
  36  3:02  Queen  
  38  3:10  Drone x4  
  42  3:16  Queen  
  44  3:20  Overlord  
  44  3:23  Overlord  
  44  3:36  Spore Crawler  
  44  3:38  Drone  
  44  3:41  Zergling x10  
  44  3:43  Drone x3  
  44  3:47  Queen  
  54  3:52  Drone x3  
  57  3:57  Queen  
  57  4:02  Drone  
  60  4:07  Drone x3  
  63  4:11  Drone x3  
  66  4:22  Overlord  
  64  4:27  Drone  
  64  4:28  Overlord  
  65  4:31  Queen, Extractor  
  65  4:32  Roach Warren  
  65  4:37  Overlord  
  65  4:43  Drone x8  
  73  4:51  Drone x3  
  73  4:55  Overlord  
  73  4:56  Drone x3  
  76  5:01  Overlord, Extractor  
  76  5:03  Drone  
  76  5:08  Drone x7, Evolution Chamber  
  82  5:16  Hatchery  
  82  5:17  Overlord  
  82  5:19  Drone, Extractor  
  81  5:22  Drone x3  
  81  5:25  Drone x2  
  86  5:30  Spore Crawler  
  86  5:31  Extractor  
  86  5:34  Overlord  
  84  5:36  Lair, Drone x3  
  84  5:41  Overlord  
  87  5:43  Overlord  
  87  5:45  Zergling x10  
  92  5:50  Zergling x4  
  94  5:58  Overlord  
  94  6:06  Zergling x18  
  94  6:09  Zerg Melee Weapons Level 1  
  103  6:17  Zergling x8  
  107  6:20  Hatchery  
  106  6:26  Baneling Nest, Overlord  
  106  6:29  Drone x5  
  112  6:32  Drone x2  
  112  6:33  Drone x2  
  112  6:36  Drone  
  112  6:38  Glial Reconstitution  
  115  6:41  Drone x3  
  115  6:45  Overlord  
  118  6:48  Spore Crawler  
  118  6:52  Overlord  
  117  6:58  Roach x4  
  117  7:01  Overlord  
  119  7:02  Drone x5  
  119  7:05  Spore Crawler  
  119  7:06  Roach x3  
  127  7:14  Roach x5  
  137  7:20  Centrifugal Hooks  
  137  7:21  Roach x3  
  155  7:30  Roach x6  
  155  7:38  Roach x3  
  155  7:39  Overseer  
  155  7:44  Ravager x3  
  162  7:45  Overlord x2  
  162  7:46  Overlord  
  162  7:47  Roach x4  
  172  8:01  Overlord  
  172  8:03  Baneling  
  172  8:04  Baneling x15  
  172  8:06  Zerg Melee Weapons Level 2  
  172  8:09  Zergling x30  
  187  8:17  Baneling  
  187  8:18  Baneling x16  
  187  8:22  Zergling x18  
  191  8:35  Zergling x16  
  187  8:42  Zergling x16  
  180  8:55  Roach x11  
  183  9:01  Roach x3  
  168  9:06  Roach x2  
  170  9:12  Baneling x13  
  170  9:14  Zergling x14  
  170  9:15  Baneling x3  
  177  9:21  Zergling x10  
  182  9:28  Drone x6  
  182  9:29  Drone  
  189  9:34  Baneling x10  
  189  9:37  Zergling x2  
  189  9:38  Zergling x18  
  163  10:01  Zergling x36  
  163  10:05  Roach  
  163  10:06  Roach x8  
  138  10:18  Roach  
  138  10:19  Roach x5  
  142  10:26  Roach x2  
  146  10:32  Roach x3  
  152  10:37  Roach x6  
  152  10:38  Ravager x2  
  163  10:43  Ravager  
  163  10:44  Baneling x3  
  163  10:48  Roach x2  
  162  10:58  Roach x6  
  159  11:08  Roach x5  
  160  11:11  Roach x2  
  160  11:12  Zergling x6  
  160  11:13  Zergling x6  
  162  11:24  Zergling x10  
  165  11:29  Zerg Missile Weapons Level 1  
  165  11:32  Hatchery  
  164  11:36  Zergling x8  
  168  11:42  Zergling x6  
  168  11:45  Baneling x4  
  171  11:48  Baneling x10  
  171  11:54  Zergling x8  
  172  12:14  Zergling x2  
  172  12:15  Zergling x18  
  139  12:24  Roach x2  
  139  12:28  Roach x3  
  131  12:36  Roach x13  
  125  12:45  Roach x3  
  125  12:48  Roach x2  
  122  12:52  Pneumatized Carapace  
  122  12:59  Zergling x18  
  122  13:01  Ravager x2  
  122  13:04  Infestation Pit, Drone x8  
  140  13:08  Spore Crawler  
  140  13:09  Drone x3  
  141  13:13  Drone x2  
  141  13:15  Spore Crawler  
  141  13:17  Drone x3  
  145  13:21  Zergling x2  
  145  13:23  Baneling x4  
  146  13:29  Overlord  
  146  13:33  Zergling x26  
  159  13:41  Zergling x12  
  164  13:45  Baneling  
  164  13:46  Baneling x14  
  164  13:48  Hatchery  
  164  13:53  Baneling x4  
  163  13:58  Zergling x14  
  163  14:01  Hive  
  170  14:03  Overlord  
  168  14:12  Overlord  
  168  14:14  Drone x4  
  169  14:24  Drone x3  
  171  14:31  Zergling x2  
  171  14:32  Zergling x20  
  171  14:33  Unknown  
  171  14:35  Drone x3  
  184  14:38  Baneling x9  
  184  14:39  Baneling x18  
  183  14:56  Roach x4  
  189  15:01  Hatchery  
  185  15:18  Overlord x2  
  166  15:22  Viper x2  
  166  15:26  Viper  
  158  15:40  Zergling x56  
  158  15:41  Hatchery  
  175  15:46  Roach  
  175  15:56  Roach x12  
  194  16:01  Baneling x6  
  183  16:13  Roach x4  
  184  16:38  Zergling x16  
  181  16:58  Roach x5  
  181  16:59  Roach x4  
  164  17:12  Roach x5  
  164  17:13  Roach x3  
Tags
 
Add a new tag
Caveats
  • Supply blocks, unpowered buildings, or Contaminate may cause inaccurate times.
  • Supply counts are checked every 10 seconds.